[ AOE2 MATCH · #506073961 ]
UnrankedMongols vs Portuguese
Player's team · WIN
Rival team · LOSS
[ REPLAY ANALYSIS · EXTRACTED FROM THE RECORDED GAME ]
Feudal
24:20
Castle
—
Imperial
—
| APM avg | 52.3 |
| APM peak | 88 |
| eAPM avg | 23.1 |
| Villagers / military | 52 / 5 |
Focus
⚔️ 23.4% · 🌾 76.6%
Archer ×4 · Skirmisher ×1
Feudal
9:18
Castle
—
Imperial
—
| APM avg | 51.0 |
| APM peak | 102 |
| eAPM avg | 25.7 |
| Villagers / military | 63 / 0 |
Focus
⚔️ 9.1% · 🌾 90.9%
Match map
Initial resources + every placement click. Lines = walls · curves = elevation contours. ◆ gold · ⬟ stone · ● berries · ✦ relic · ◌ wall gap
Your base· Open — unwalled flank
pigpig_aoe's base· Open — unwalled flank
Smoothed initial terrain · ◌ = detected wall gap · hover for details
Inputs per minute
— Guthrie_Govan - - pigpig_aoe
Build order — Guthrie_Govan
121 actions detected in the replay
| 0:00 | Queue | Villager (Male) |
| 0:00 | Queue | Villager (Male) |
| 0:00 | Queue | Villager (Male) |
| 0:01 | Queue | Villager (Male) |
| 0:02 | Build | House |
| 0:03 | Build | House |
| 1:32 | Queue | Villager (Male) |
| 2:03 | Queue | Villager (Male) |
| 2:05 | Build | Lumber Camp |
| 2:05 | Queue | Villager (Male) |
| 2:42 | Queue | Villager (Male) |
| 2:43 | Queue | Villager (Male) |
| 3:02 | Queue | Villager (Male) |
| 3:18 | Queue | Villager (Male) |
| 3:43 | Queue | Villager (Male) |
| 3:53 | Build | House |
| 3:55 | Build | House |
| 4:21 | Queue | Villager (Male) |
| 4:22 | Queue | Villager (Male) |
| 4:30 | Queue | Villager (Male) |
| 4:34 | Queue | Villager (Male) |
| 4:49 | Queue | Villager (Male) |
| 5:50 | Build | Mill |
| 6:09 | Research | Loom |
| 6:09 | Research | Loom |
| 6:47 | Build | Town Center |
| 7:59 | Queue | Villager (Male) |
| 7:59 | Queue | Villager (Male) |
| 8:00 | Queue | Villager (Male) |
| 8:00 | Queue | Villager (Male) |
| 8:22 | Build | Mill |
| 9:19 | Queue | Villager (Male) |
| 10:32 | Queue | Villager (Male) |
| 10:36 | Build | House |
| 11:26 | Queue | Villager (Male) |
| 12:00 | Queue | Villager (Male) |
| 12:36 | Build | House |
| 12:49 | Queue | Villager (Male) |
| 13:04 | Queue | Villager (Male) |
| 13:32 | Queue | Villager (Male) |
| 14:08 | Queue | Villager (Male) |
| 14:38 | Queue | Villager (Male) |
| 15:14 | Queue | Villager (Male) |
| 15:48 | Queue | Villager (Male) |
| 16:25 | Build | Palisade Wall |
| 16:26 | Build | Palisade Wall |
| 16:33 | Build | Palisade Wall |
| 17:10 | Queue | Villager (Male) |
| 17:14 | Queue | Villager (Male) |
| 17:31 | Queue | Villager (Male) |
| 17:44 | Queue | Villager (Male) |
| 18:02 | Build | Lumber Camp |
| 18:07 | Build | House |
| 18:08 | Build | House |
| 18:43 | Build | Mill |
| 19:16 | Build | Palisade Wall |
| 19:17 | Build | Palisade Wall |
| 19:58 | Build | Farm |
| 20:01 | Queue | Villager (Male) |
| 20:01 | Queue | Villager (Male) |
| 20:03 | Build | Farm |
| 20:32 | Queue | Villager (Male) |
| 21:22 | Build | Palisade Wall |
| 21:36 | Build | Palisade Wall |
| 21:43 | Build | Palisade Wall |
| 22:05 | Build | House |
| 22:10 | Research | Feudal Age |
| 22:32 | Build | Barracks |
| 24:06 | Build | Mining Camp |
| 24:20 | Age | Feudal Age |
| 24:22 | Queue | Villager (Male) |
| 24:39 | Build | House |
| 24:51 | Build | House |
| 24:53 | Build | House |
| 25:04 | Queue | Villager (Male) |
| 25:04 | Queue | Villager (Male) |
| 25:19 | Build | Watch Tower |
| 25:29 | Build | Palisade Wall |
| 25:31 | Build | Palisade Wall |
| 25:34 | Build | Palisade Wall |
| 26:10 | Queue | Villager (Male) |
| 26:11 | Queue | Villager (Male) |
| 26:15 | Queue | Villager (Male) |
| 26:28 | Research | Town Watch |
| 26:31 | Build | Outpost |
| 27:01 | Queue | Villager (Male) |
| 27:14 | Build | Archery Range |
| 27:18 | Queue | Villager (Male) |
| 28:00 | Queue | Villager (Male) |
| 28:46 | Build | Lumber Camp |
| 29:03 | Build | House |
| 30:07 | Build | Watch Tower |
| 30:09 | Queue | Skirmisher |
| 30:24 | Queue | Villager (Male) |
| 30:29 | Build | Palisade Wall |
| 30:30 | Build | Palisade Wall |
| 30:31 | Build | Palisade Wall |
| 31:05 | Build | Palisade Wall |
| 31:06 | Build | Palisade Wall |
| 31:07 | Build | Palisade Wall |
| 31:42 | Build | Mining Camp |
| 31:53 | Build | Palisade Wall |
| 31:54 | Build | Palisade Wall |
| 32:20 | Build | Watch Tower |
| 32:36 | Queue | Villager (Male) |
| 32:56 | Queue | Villager (Male) |
| 32:57 | Queue | Archer |
| 33:17 | Build | Stone Wall |
| 33:20 | Build | Stone Wall |
| 33:22 | Build | Stone Wall |
| 33:24 | Build | Palisade Wall |
| 33:27 | Build | Watch Tower |
| 33:29 | Build | Stone Wall |
| 33:59 | Queue | Archer |
| 34:22 | Build | House |
| 34:29 | Build | Blacksmith |
| 34:32 | Queue | Villager (Male) |
| 34:38 | Queue | Archer |
| 34:50 | Build | Farm |
| 35:03 | Queue | Archer |
| 35:46 | Research | Fletching |
Build order — pigpig_aoe
119 actions detected in the replay
| 0:00 | Queue | Villager (Male) |
| 0:01 | Queue | Villager (Male) |
| 0:01 | Queue | Villager (Male) |
| 0:02 | Build | House |
| 0:04 | Build | House |
| 0:06 | Queue | Villager (Male) |
| 1:24 | Queue | Villager (Male) |
| 1:52 | Build | Lumber Camp |
| 2:00 | Queue | Villager (Male) |
| 2:00 | Queue | Villager (Male) |
| 2:13 | Build | House |
| 2:16 | Queue | Villager (Male) |
| 2:48 | Queue | Villager (Male) |
| 3:04 | Queue | Villager (Male) |
| 3:38 | Queue | Villager (Male) |
| 4:09 | Queue | Villager (Male) |
| 4:13 | Queue | Villager (Male) |
| 4:36 | Queue | Villager (Male) |
| 4:58 | Build | Mill |
| 5:02 | Queue | Villager (Male) |
| 5:17 | Queue | Villager (Male) |
| 5:19 | Queue | Villager (Male) |
| 5:19 | Queue | Villager (Male) |
| 6:02 | Queue | Villager (Male) |
| 6:37 | Research | Loom |
| 6:45 | Build | Mill |
| 7:08 | Research | Feudal Age |
| 7:37 | Build | Palisade Gate |
| 8:18 | Queue | Villager (Male) |
| 8:39 | Build | House |
| 8:51 | Queue | Villager (Male) |
| 9:18 | Age | Feudal Age |
| 9:21 | Research | Double-Bit Axe |
| 9:22 | Queue | Villager (Male) |
| 10:12 | Queue | Villager (Male) |
| 10:37 | Queue | Villager (Male) |
| 11:00 | Queue | Villager (Male) |
| 11:59 | Queue | Villager (Male) |
| 12:03 | Build | House |
| 12:16 | Queue | Villager (Male) |
| 12:17 | Research | Town Watch |
| 12:30 | Build | House |
| 12:40 | Queue | Villager (Male) |
| 12:58 | Queue | Villager (Male) |
| 13:09 | Queue | Villager (Male) |
| 13:58 | Queue | Villager (Male) |
| 14:23 | Queue | Villager (Male) |
| 14:49 | Queue | Villager (Male) |
| 14:59 | Build | Watch Tower |
| 15:14 | Build | Palisade Wall |
| 16:07 | Build | Palisade Wall |
| 16:08 | Build | Palisade Wall |
| 16:10 | Build | Palisade Wall |
| 16:12 | Build | Palisade Wall |
| 16:22 | Queue | Villager (Male) |
| 16:39 | Queue | Villager (Male) |
| 17:13 | Queue | Villager (Male) |
| 17:44 | Build | Mining Camp |
| 18:00 | Queue | Villager (Male) |
| 18:51 | Queue | Villager (Male) |
| 18:56 | Build | House |
| 18:58 | Build | House |
| 19:53 | Queue | Villager (Male) |
| 20:30 | Queue | Villager (Male) |
| 20:58 | Build | Watch Tower |
| 21:35 | Queue | Villager (Male) |
| 21:51 | Build | Watch Tower |
| 22:12 | Build | Stone Wall |
| 22:13 | Build | Stone Wall |
| 22:16 | Build | Stone Wall |
| 22:18 | Build | Stone Wall |
| 22:21 | Build | Stone Wall |
| 22:24 | Build | Stone Wall |
| 22:42 | Build | Lumber Camp |
| 23:02 | Build | Watch Tower |
| 23:05 | Build | Stone Wall |
| 23:07 | Build | Stone Wall |
| 23:10 | Queue | Villager (Male) |
| 24:31 | Build | Watch Tower |
| 24:34 | Queue | Villager (Male) |
| 24:40 | Build | Stone Wall |
| 25:03 | Build | Farm |
| 25:03 | Build | Farm |
| 25:23 | Build | Watch Tower |
| 26:22 | Build | Farm |
| 26:54 | Queue | Villager (Male) |
| 26:58 | Build | House |
| 27:45 | Queue | Villager (Male) |
| 28:12 | Build | Mill |
| 28:25 | Build | Farm |
| 28:34 | Queue | Villager (Male) |
| 28:37 | Build | Farm |
| 28:50 | Build | Farm |
| 29:14 | Queue | Villager (Male) |
| 29:53 | Build | Watch Tower |
| 30:00 | Queue | Villager (Male) |
| 30:08 | Build | Watch Tower |
| 30:12 | Queue | Villager (Male) |
| 30:15 | Build | Blacksmith |
| 30:32 | Build | Palisade Wall |
| 31:02 | Queue | Villager (Male) |
| 31:06 | Build | Market |
| 31:07 | Queue | Villager (Male) |
| 31:21 | Queue | Villager (Male) |
| 31:36 | Queue | Villager (Male) |
| 32:08 | Queue | Villager (Male) |
| 32:47 | Queue | Villager (Male) |
| 32:55 | Queue | Villager (Male) |
| 33:17 | Research | Fletching |
| 33:19 | Queue | Villager (Male) |
| 33:40 | Build | Watch Tower |
| 33:51 | Queue | Villager (Male) |
| 34:18 | Queue | Villager (Male) |
| 34:33 | Queue | Villager (Male) |
| 34:50 | Build | House |
| 35:13 | Queue | Villager (Male) |
| 35:25 | Queue | Villager (Male) |
| 35:54 | Build | Lumber Camp |
| 36:18 | Queue | Villager (Male) |
Match timeline
| 9:18 | pigpig_aoe · age_up feudal |
| 15:14 | pigpig_aoe · wall_segment Palisade Wall x1 |
| 16:07 | pigpig_aoe · wall_segment Palisade Wall x1 |
| 16:08 | pigpig_aoe · wall_segment Palisade Wall x1 |
| 16:10 | pigpig_aoe · wall_segment Palisade Wall x1 |
| 16:12 | pigpig_aoe · wall_segment Palisade Wall x1 |
| 16:25 | Guthrie_Govan · wall_segment Palisade Wall x1 |
| 16:26 | Guthrie_Govan · wall_segment Palisade Wall x1 |
| 16:33 | Guthrie_Govan · wall_segment Palisade Wall x1 |
| 19:16 | Guthrie_Govan · wall_segment Palisade Wall x1 |
| 19:17 | Guthrie_Govan · wall_segment Palisade Wall x1 |
| 21:22 | Guthrie_Govan · wall_segment Palisade Wall x1 |
| 21:36 | Guthrie_Govan · wall_segment Palisade Wall x4 |
| 21:43 | Guthrie_Govan · wall_segment Palisade Wall x7 |
| 22:12 | pigpig_aoe · wall_segment Stone Wall x1 |
| 22:13 | pigpig_aoe · wall_segment Stone Wall x1 |
| 22:16 | pigpig_aoe · wall_segment Stone Wall x1 |
| 22:18 | pigpig_aoe · wall_segment Stone Wall x1 |
| 22:21 | pigpig_aoe · wall_segment Stone Wall x1 |
| 22:24 | pigpig_aoe · wall_segment Stone Wall x1 |
| 22:32 | Guthrie_Govan · first_building Barracks |
| 23:05 | pigpig_aoe · wall_segment Stone Wall x1 |
| 23:07 | pigpig_aoe · wall_segment Stone Wall x1 |
| 24:20 | Guthrie_Govan · age_up feudal |
| 24:40 | pigpig_aoe · wall_segment Stone Wall x1 |
| 25:29 | Guthrie_Govan · wall_segment Palisade Wall x1 |
| 25:31 | Guthrie_Govan · wall_segment Palisade Wall x1 |
| 25:34 | Guthrie_Govan · wall_segment Palisade Wall x1 |
| 27:14 | Guthrie_Govan · first_building Archery Range |
| 30:29 | Guthrie_Govan · wall_segment Palisade Wall x1 |
| 30:30 | Guthrie_Govan · wall_segment Palisade Wall x1 |
| 30:31 | Guthrie_Govan · wall_segment Palisade Wall x1 |
| 30:32 | pigpig_aoe · wall_segment Palisade Wall x1 |
| 31:05 | Guthrie_Govan · wall_segment Palisade Wall x1 |
| 31:06 | Guthrie_Govan · wall_segment Palisade Wall x1 |
| 31:07 | Guthrie_Govan · wall_segment Palisade Wall x1 |
| 31:53 | Guthrie_Govan · wall_segment Palisade Wall x1 |
| 31:54 | Guthrie_Govan · wall_segment Palisade Wall x1 |
| 32:41 | pigpig_aoe · first_market_sell 100 stone |
| 32:45 | pigpig_aoe · first_market_buy 100 wood |
| 33:17 | Guthrie_Govan · wall_segment Stone Wall x1 |
| 33:20 | Guthrie_Govan · wall_segment Stone Wall x1 |
| 33:22 | Guthrie_Govan · wall_segment Stone Wall x1 |
| 33:24 | Guthrie_Govan · wall_segment Palisade Wall x1 |
| 33:29 | Guthrie_Govan · wall_segment Stone Wall x1 |
| 36:34 | pigpig_aoe · resign |
[ AI ANALYSIS · 1 CREDIT ]
What really happened in this match?
Wolo.gg analyzes every decision: build order, eco, micro, common mistakes by bracket. Personalized analysis on WhatsApp or Discord in 30 seconds.
Civ guide
Mongols
Perfil
Jugador #4224302